 Dungeon Crawl Stone Soup version 0.31.0-12-g77e489cdc1 (webtiles) character file.

Game seed: 8179739867132965518

55 Doomgape the Trooper (level 3, -1/24 HPs)
             Began as a Gargoyle Berserker on Feb 11, 2024.
             Was a Follower of Trog.
             Slain by Jessica
             ... wielding a +0 club
              (3 damage)
             ... on level 3 of the Dungeon.
             The game lasted 00:01:41 (1342 turns).

Doomgape the Trooper (Gargoyle Berserker)           Turns: 1342, Time: 00:01:41

Health: -1/24      AC:  5    Str: 22    XL:     3   Next: 93%
Magic:  0/3        EV: 11    Int:  7    God:    Trog [*.....]
Gold:   67         SH:  0    Dex:  9    Spells: 2/2 levels left

rFire   . . .        a - +0 mace
rCold   . . .        (no shield)
rNeg    + . .        b - +0 animal skin
rPois   ∞            (no helmet)
rElec   +            (no cloak)
rCorr   .            (no gloves)
SInv    .            (no boots)
Will    .....        d - amulet of guardian spirit
Stlth   +            (no ring)
HPRegen 0.24/turn    (no ring)
MPRegen 0.08/turn

%: guardian spirit
@: no status effects
A: sickness immunity, AC +3, negative energy resistance 1, electricity
resistance, torment resistance 1, petrification resistance
a: Renounce Religion, Berserk


You were on level 3 of the Dungeon.
You worshipped Trog.
Trog was aware of your devotion.
You visited 1 branch of the dungeon, and saw 3 of its levels.

You collected 67 gold pieces.

Inventory:

Hand Weapons
 a - a +0 mace (weapon)
Armour
 b - a +0 animal skin (worn)
Jewellery
 d - an amulet of guardian spirit (around neck)
Scrolls
 f - a scroll of identify {unknown}
 h - a scroll of enchant weapon {unknown}
Potions
 e - a potion of degeneration {unknown}
 g - a potion of invisibility {unknown}


   Skills:
 + Level 4.3 Fighting
 + Level 3.9 Maces & Flails
 - Level 2.1 Armour
 - Level 1.5 Dodging


You had 2 spell levels left.
You didn't know any spells.
Your spell library was empty.

Dungeon Overview and Level Annotations

Branches:
Dungeon (3/15)

Altars:

Annotations:
D:3 Jessica


Innate Abilities, Weirdness & Mutations

You are immune to sickness and miasma.
Your stone body is resilient. (AC +3)
You are immune to poison.
You resist negative energy. (rN+)
You are resistant to electric shocks. (rElec)
You are resistant to unholy torment.
You are immune to petrification.


Message History

You hit the orc wizard.
The orc wizard is severely wounded.
The orc wizard hits you with a +0 dagger.
An orc comes into view.
It is wielding a +0 trident of protection.
The orc shouts!
You hit the orc wizard.
You kill the orc wizard!
Trog accepts your kill.
Trog appreciates your killing of a magic user.
You hear a shout!
An orc priest comes into view. It is wielding a +0 club.
Jessica shouts, "You're disturbing me!
I'll have to kill you!"
Jessica mumbles some strange words.
Jessica blinks!
You hit the orc.
The orc is heavily wounded.
The orc priest invokes the aid of Beogh against you.
Beogh smites you! The orc barely misses you.
You sock the orc!
You kill the orc!
Trog accepts your kill.
Unknown command.
Items here: )) [ ††.
The orc priest looks encouraged for a moment.
Jessica hits you with a +0 club.
* * * LOW HITPOINT WARNING * * *
Items here: )) [ ††.
Jessica casts a spell.
Jessica seems to speed up.
Jessica looks very angry.
Unknown command.
The orc hits you from afar with a +0 trident of protection.
* * * LOW HITPOINT WARNING * * *
Jessica gestures at you while chanting. Pain shoots through your body!
* * * LOW HITPOINT WARNING * * *
You completely miss Jessica.
Jessica is severely wounded.
Jessica hits you with a +0 club.
You die...

# #.#+#.....
#.#.........
###.#......... #.#
............. .>#
#####.#........#
#.#
...............#
#.# #..oo(.....#
#.# ###@#'###+##
#.# #@# .. #.# #.#
## #.# #.# #.# #.#
#.# #.# #.# #.# #.#
#.# #.# # #.# #.#
#.##.############.#


You could see an orc priest, Jessica (fast) and an orc.

Vanquished Creatures
  An orc wizard (D:3)
  An adder (D:3)
  A dart slug (D:1)
  An orc (D:3)
  A ball python (D:1)
  2 bats (D:1)
  An endoplasm (D:1)
  A goblin (D:1)
  2 hobgoblins
  A quokka (D:1)
  3 frilled lizards (D:1)
  2 kobolds
  A rat (D:1)
18 creatures vanquished.

Notes
Turn   | Place    | Note
-------+----------+-------------------------------------------
     0 | D:1      | Doomgape the Gargoyle Berserker began the quest for the
                  | Orb.
     0 | D:1      | Reached XP level 1. HP: 14/14 MP: 1/1
   399 | D:1      | Reached XP level 2. HP: 19/19 MP: 2/2
  1168 | D:2      | You fall into a shaft and drop 1 floor!
  1228 | D:3      | Reached skill level 4 in Fighting
  1228 | D:3      | Reached XP level 3. HP: 7/24 MP: 1/3
  1316 | D:3      | Noticed Jessica
  1342 | D:3      | Slain by Jessica

Illustrated notes

Levels and vault maps discovered:
D:1:      enne_arrival_octagon_isle, layout_basic, dreamdust_princess_bridge
D:2:      layout_basic, uniq_robin
D:3:      layout_basic, serial_shops, shop, uniq_jessica

Skill      XL: |  1  2 |
---------------+-------+-----
Fighting       | 4 |  4.3
Maces & Flails | |  3.9
Armour         | |  2.1
Dodging        | |  1.5

Action                     || total
---------------------------++-------
  Melee: Mace              ||    76
    Use: Potion            ||     1
 Armour: Animal skin       ||    61
  Dodge: Dodged            ||    50
